Map: Oxide LE

Players

GogojOey

  • Race: Zerg Zerg

Has - Winner!

  • Race: Protoss Protoss

VOD

Have the link to the VOD?

Description

Time

  • Played on: Oct. 3, 2021, 7:29 a.m.
  • Length: 12:20
Show
View Real Time Build Order
Export as new Build Order

GogojOey Zerg 

Build Orders: Pool First 

Get SALT Encoding   

  12  0:00  Drone  
  13  0:12  Overlord  
  13  0:17  Drone  
  14  0:30  Drone  
  14  0:31  Drone  
  16  0:40  Spawning Pool  
  15  0:44  Drone  
  15  0:47  Drone  
  17  1:07  Hatchery  
  17  1:10  Drone  
  17  1:24  Drone x2, Extractor  
  18  1:28  Zergling x2  
  18  1:31  Queen  
  21  1:39  Overlord  
  21  1:49  Drone  
  22  2:01  Drone  
  23  2:08  Queen  
  25  2:10  Drone  
  26  2:19  Queen  
  26  2:20  Drone  
  29  2:23  Drone  
  30  2:34  Hatchery  
  30  2:35  Drone  
  30  2:38  Drone  
  30  2:41  Drone  
  32  2:46  Overlord  
  32  2:51  Metabolic Boost  
  32  2:57  Drone x2  
  34  3:02  Spore Crawler  
  33  3:06  Drone, Spore Crawler  
  33  3:09  Drone x3  
  37  3:14  Drone  
  37  3:16  Drone  
  37  3:17  Drone x2  
  41  3:22  Overlord  
  41  3:24  Drone  
  42  3:29  Drone x2  
  42  3:32  Overlord  
  44  3:35  Overlord  
  44  3:41  Zergling x2  
  44  3:42  Drone  
  44  3:44  Queen  
  44  3:47  Queen  
  50  3:51  Drone x2  
  52  3:57  Drone x2  
  54  4:03  Drone, Spore Crawler  
  54  4:04  Roach Warren  
  54  4:08  Drone x4  
  57  4:10  Drone  
  58  4:18  Spore Crawler  
  58  4:20  Drone x2  
  58  4:21  Spore Crawler  
  58  4:23  Lair  
  58  4:26  Drone x2  
  59  4:31  Zergling x6  
  59  4:36  Overlord  
  59  4:37  Overlord  
  61  4:39  Zergling x6  
  61  4:42  Extractor  
  63  4:51  Drone x3  
  64  4:55  Drone x6  
  64  4:59  Drone x4  
  73  5:10  Extractor  
  73  5:13  Queen, Overlord  
  73  5:16  Extractor  
  73  5:17  Roach x4  
  80  5:24  Roach  
  80  5:25  Overlord  
  80  5:26  Overseer  
  81  5:30  Queen x2  
  81  5:34  Overlord  
  85  5:38  Overlord  
  85  5:39  Roach x2  
  89  5:43  Overlord  
  89  5:46  Drone x2  
  89  5:47  Drone x4  
  95  5:53  Spore Crawler  
  95  5:57  Spore Crawler  
  93  5:58  Queen  
  93  5:59  Spore Crawler  
  93  6:02  Spore Crawler  
  94  6:04  Drone, Spore Crawler  
  94  6:06  Spore Crawler  
  94  6:08  Drone x2  
  91  6:11  Drone x2  
  91  6:12  Spore Crawler  
  91  6:15  Queen  
  93  6:18  Drone x2  
  93  6:19  Drone  
  93  6:21  Drone x2  
  93  6:24  Drone x2  
  98  6:26  Drone x2  
  98  6:30  Drone x3  
  101  6:37  Drone x3  
  104  6:43  Drone x5  
  105  6:47  Glial Reconstitution  
  105  6:50  Infestation Pit  
  105  6:52  Evolution Chamber  
  97  6:54  Roach  
  97  6:56  Roach  
  97  6:57  Roach  
  97  7:02  Extractor  
  97  7:06  Hatchery  
  97  7:07  Queen x2  
  97  7:08  Queen  
  99  7:10  Roach  
  99  7:11  Extractor  
  99  7:14  Roach x2  
  106  7:17  Roach x2  
  106  7:18  Roach  
  106  7:24  Zergling x2, Roach  
  106  7:25  Zergling x4, Roach  
  110  7:36  Drone x9  
  110  7:37  Drone  
  110  7:39  Drone  
  110  7:43  Zerg Missile Weapons Level 1  
  112  7:45  Drone  
  112  7:49  Drone  
  112  8:04  Roach, Overlord  
  112  8:05  Overlord  
  114  8:08  Overlord  
  114  8:10  Hive  
  114  8:13  Overlord  
  114  8:17  Overlord x3  
  114  8:19  Roach x3  
  120  8:24  Roach x4  
  120  8:25  Drone  
  129  8:29  Roach  
  129  8:30  Roach  
  129  8:31  Evolution Chamber  
  129  8:32  Roach  
  133  8:34  Drone x2  
  133  8:35  Drone  
  133  8:39  Drone  
  133  8:40  Ravager x3  
  140  8:42  Drone  
  140  8:48  Roach x3  
  147  8:55  Roach x4  
  155  8:57  Spore Crawler  
  155  9:01  Roach x4  
  162  9:09  Overlord  
  162  9:13  Overlord  
  162  9:15  Roach x3  
  168  9:17  Overlord  
  167  9:26  Roach x3  
  122  9:48  Roach x15  
  122  9:50  Queen x2  
  138  9:53  Roach  
  138  9:54  Roach x2  
  124  10:01  Roach x4  
  124  10:09  Roach x4  
  124  10:10  Drone  
  131  10:17  Zerg Ground Armor Level 1, Ultralisk Cavern  
  131  10:22  Spire  
  131  10:24  Zerg Melee Weapons Level 1  
  131  10:25  Zergling x2  
  131  10:26  Zergling x6  
  134  10:29  Queen  
  134  10:32  Drone x3  
  134  10:35  Ravager x3  
  143  10:36  Ravager x3  
  143  10:38  Drone  
  144  10:43  Zergling x10  
  144  10:45  Drone  
  150  10:54  Roach x6  
  139  11:01  Roach x4  
  139  11:07  Roach x4  
  140  11:14  Roach x4  
  148  11:19  Roach x3  
  154  11:28  Roach x5  
  154  11:29  Roach  
  146  11:52  Roach x12  
  147  11:56  Roach x2  
Show
View Real Time Build Order
Export as new Build Order

Has Protoss - Winner!

Build Orders: 1 Gate Expand, Mass Phoenix 

Get SALT Encoding   

  12  0:00  Probe  
  13  0:12  Probe  
  14  0:19  Pylon  
  14  0:24  Probe  
  15  0:30  Assimilator  
  15  0:37  Probe (Chrono Boost)  
  16  0:43  Gateway  
  16  0:47  Probe (Chrono Boost)  
  17  0:53  Probe  
  18  1:05  Probe  
  19  1:17  Probe  
  20  1:22  Nexus  
  20  1:32  Cybernetics Core  
  20  1:36  Probe  
  21  1:40  Assimilator  
  21  1:48  Pylon  
  21  1:50  Probe  
  22  2:04  Probe  
  22  2:05  Adept (Chrono Boost)  
  25  2:16  Probe  
  25  2:21  Stargate  
  26  2:28  Warp Gate  
  27  2:30  Probe (Chrono Boost)  
  27  2:32  Adept  
  27  2:35  Probe (Chrono Boost)  
  32  2:45  Probe x2 (Chrono Boost)  
  32  2:50  Probe (Chrono Boost)  
  32  2:52  Probe  
  34  2:58  Void Ray (Chrono Boost)  
  34  3:01  Probe  
  34  3:05  Probe (Chrono Boost)  
  36  3:12  Gateway  
  38  3:13  Probe (Chrono Boost)  
  38  3:19  Pylon  
  40  3:22  Probe (Chrono Boost)  
  40  3:23  Adept  
  40  3:24  Probe (Chrono Boost)  
  43  3:28  Probe (Chrono Boost)  
  43  3:29  Probe (Chrono Boost)  
  45  3:40  Probe x2  
  47  3:42  Stargate  
  47  3:48  Assimilator  
  47  3:50  Assimilator  
  47  3:51  Pylon  
  47  3:52  Probe x2  
  49  4:03  Nexus  
  49  4:05  Probe  
  49  4:07  Probe  
  51  4:10  Stargate  
  51  4:18  Adept x2  
  51  4:19  Pylon  
  51  4:23  Probe  
  56  4:25  Phoenix  
  58  4:33  Phoenix  
  58  4:36  Probe  
  58  4:37  Pylon  
  61  4:41  Pylon  
  61  4:42  Probe  
  62  4:52  Phoenix (Chrono Boost)  
  62  4:54  Phoenix (Chrono Boost)  
  62  4:56  Probe x2  
  64  5:00  Adept  
  64  5:01  Adept  
  68  5:08  Phoenix (Chrono Boost), Probe x2  
  72  5:17  Probe  
  73  5:21  Adept  
  73  5:22  Adept  
  73  5:23  Probe  
  73  5:24  Probe  
  73  5:26  Phoenix (Chrono Boost)  
  81  5:35  Probe x2  
  84  5:36  Pylon  
  84  5:40  Phoenix (Chrono Boost)  
  84  5:42  Phoenix (Chrono Boost)  
  87  5:46  Shield Battery  
  87  5:48  Probe x2  
  89  5:52  Probe  
  89  5:55  Shield Battery  
  90  6:00  Phoenix (Chrono Boost), Probe x2  
  94  6:04  Probe  
  94  6:07  Phoenix (Chrono Boost)  
  94  6:08  Protoss Air Weapons Level 1  
  97  6:12  Probe x2  
  97  6:14  Assimilator  
  97  6:16  Pylon  
  97  6:17  Probe  
  100  6:22  Forge  
  100  6:24  Probe x2, Forge  
  100  6:25  Pylon  
  102  6:32  Assimilator  
  102  6:33  Probe  
  102  6:34  Twilight Council, Pylon  
  102  6:38  Zealot x2  
  107  6:42  Probe  
  107  6:49  Protoss Ground Weapons Level 1 (Chrono Boost)  
  107  7:00  Protoss Ground Armor Level 1 (Chrono Boost)  
  107  7:01  Zealot  
  107  7:04  Nexus, Probe x3  
  107  7:05  Pylon  
  107  7:08  Charge (Chrono Boost), Pylon  
  112  7:16  Gateway x2  
  112  7:17  Templar Archives  
  112  7:18  Probe  
  112  7:20  Gateway  
  113  7:29  Sentry  
  115  7:37  Zealot  
  107  7:40  Gateway  
  107  7:42  Gateway  
  107  7:43  Photon Cannon  
  105  7:44  Probe x2  
  105  7:45  Photon Cannon, Gateway, Probe  
  105  7:46  Shield Battery  
  105  7:47  Gateway  
  108  7:55  Zealot  
  108  7:58  Probe  
  111  7:59  Probe  
  111  8:00  Probe  
  111  8:05  Robotics Facility  
  113  8:10  Probe  
  113  8:11  Probe  
  113  8:12  Probe  
  116  8:13  Zealot x3  
  116  8:17  Zealot x2  
  116  8:19  Probe  
  127  8:22  Probe  
  127  8:23  Probe  
  127  8:24  Assimilator  
  127  8:26  Assimilator  
  129  8:33  Pylon  
  129  8:34  High Templar x2  
  129  8:36  Pylon  
  129  8:37  High Templar x2, Pylon  
  129  8:38  High Templar x2  
  129  8:39  Zealot  
  143  8:41  Robotics Facility  
  143  8:43  Archon x3  
  143  8:46  Zealot x2  
  147  8:51  Protoss Ground Weapons Level 2 (Chrono Boost), Protoss Ground Armor Level 2 (Chrono Boost)  
  147  8:53  Warp Prism (Chrono Boost)  
  151  8:56  Probe  
  151  8:57  Pylon  
  151  9:01  Zealot  
  152  9:06  Zealot x4  
  152  9:09  Zealot x2  
  164  9:10  Zealot  
  164  9:14  Zealot  
  164  9:26  Immortal x2 (Chrono Boost)  
  154  9:40  Zealot x9  
  126  10:00  Immortal (Chrono Boost)  
  126  10:01  Zealot x2  
  126  10:02  Zealot x7  
  138  10:07  Blink (Chrono Boost)  
  138  10:08  Immortal (Chrono Boost)  
  138  10:16  Cybernetics Core  
  138  10:23  High Templar x2  
  138  10:24  High Templar x2  
  138  10:25  High Templar x3  
  138  10:26  Zealot, High Templar  
  156  10:29  Pylon  
  156  10:30  Archon x3  
  156  10:31  Gateway, Archon  
  156  10:33  Gateway  
  156  10:47  Nexus  
  156  10:48  Zealot, Pylon  
  157  10:56  Immortal (Chrono Boost), Zealot x4  
  161  10:57  Zealot x2  
  157  11:05  Warp Prism (Chrono Boost)  
  155  11:11  Stalker x3  
  155  11:13  Photon Cannon  
  155  11:15  Shield Battery  
  155  11:16  Stalker x3  
  155  11:17  Photon Cannon, Stalker  
  169  11:28  Observer  
  169  11:30  Zealot x3  
  169  11:31  Zealot  
  173  11:43  Zealot  
  173  11:44  Zealot x4  
  164  11:59  Zealot x6  
Tags
 
Add a new tag
Caveats
  • Supply blocks, unpowered buildings, or Contaminate may cause inaccurate times.
  • Supply counts are checked every 10 seconds.